 Dungeon Crawl Stone Soup version 0.29.1-15-g9cfb28693d (webtiles) character file.

Game seed: 15468742239223918529

978 bmack86 the Trooper (level 8, -2/62 HPs)
             Began as a Djinni Hedge Wizard on July 18, 2023.
             Slain by Maggie
             ... wielding a +1 scimitar of flaming
              (8 damage)
             ... on level 6 of the Dungeon.
             The game lasted 00:19:47 (6793 turns).

bmack86 the Trooper (Djinni Hedge Wizard)           Turns: 6793, Time: 00:19:48

Health: -2/62      AC:  4    Str:  9    XL:     8   Next: 40%
Gold:   364        EV: 12    Int: 14    God:
                   SH:  0    Dex: 14

rFire   + + .      SeeInvis +   o - +6 spear of Fee Simple {antimagic, rC+ rN+ Int-3 SInv}
rCold   . . .      Faith    .   (no shield)
rNeg    + . .      Spirit   .   b - +0 robe
rPois   ∞          Reflect  .   c - +2 hat
rElec   .          Harm     .   (no cloak)
rCorr   .          Rampage  .   (no gloves)
Will    .....                   (boots unavailable)
Stlth   ++........              j - amulet of regeneration
HPRegen 1.00/turn               A - +4 ring of slaying
MPRegen 0.00/turn               (no ring)

@: wereblooded, flying
A: sickness immunity, fire resistance 2, cold vulnerability 1, float, innate
caster, HP casting, extra vitality 1
a: no special abilities


You were on level 6 of the Dungeon.
You visited 1 branch of the dungeon, and saw 6 of its levels.

You collected 364 gold pieces.

Inventory:

Hand Weapons
 a - a +0 dagger
 o - the +6 spear of Fee Simple (weapon) {antimagic, rC+ rN+ Int-3 SInv}
   (You found it on level 3 of the Dungeon)

   It reduces the magical energy of the wielder, and disrupts the spells and
   magical abilities of those it strikes.
   Natural abilities and divine invocations are not affected.
   Int:       It affects your intelligence (-3).
   rC:        It protects you from cold.
   rN:        It protects you from negative energy.
   SInv:      It lets you see invisible.
Missiles
 h - 4 javelins
 n - 5 boomerangs
Armour
 b - a +0 robe (worn)
 c - a +2 hat (worn)
Magical Staves
 m - a staff of conjuration
Jewellery
 j - an amulet of regeneration (around neck)
 A - a +4 ring of slaying (left hand)
Wands
 l - a wand of charming (8)
 C - a wand of iceblast (3)
Scrolls
 e - 4 scrolls of teleportation
 u - a scroll of magic mapping
 y - 3 scrolls of amnesia {unknown}
 z - 2 scrolls of blinking {unknown}
 B - a scroll of poison {unknown}
Potions
 f - 5 potions of mutation
 g - 3 potions of haste
 i - 2 potions of attraction
 k - 2 potions of might
 p - a potion of lignification {unknown}
 q - 6 potions of curing
 r - a potion of degeneration {unknown}
 s - 2 potions of brilliance {unknown}
 t - 2 potions of flight {unknown}
 w - a potion of invisibility {unknown}
 x - a potion of cancellation {unknown}


   Skills:
 + Level 6.3 Fighting
 - Level 2.1 Dodging
 - Level 1.5 Stealth
 + Level 5.5 Spellcasting


You had one spell level left.
You knew the following spells:

 Your Spells              Type           Power      Damage    Failure   Level
a - Magic Dart            Conj           76%        1d6       1%          1
b - Blink                 Tloc           38%        N/A       2%          2
c - Call Imp              Summ           19%        N/A       2%          2
d - Slow                  Hex            76%        N/A       1%          1
e - Conjure Flame         Conj/Fire      19%        6-21      5%          3
f - Mephitic Cloud        Conj/Pois/Air  19%        N/A       5%          3
g - Shock                 Conj/Air       76%        1d7       1%          1
h - Searing Ray           Conj           38%        2d5       2%          2
i - Wereblood             Tmut           19%        N/A       2%          2
Your spell library was empty.

Dungeon Overview and Level Annotations

Branches:
Dungeon (6/15)
 Temple: D:4-7

Altars:
Cheibriados
Fedhas
Gozag
Okawaru
Uskayaw
Wu Jian

Annotations:
D:6 Maggie


Innate Abilities, Weirdness & Mutations

You are immune to sickness and miasma.
You are immune to poison.
Your flesh is very heat resistant. (rF++)
You are vulnerable to cold. (rC-)
You float through the air rather than walking.
You learn spells naturally, not from books.
Your magical power is your life essence.
You have superior vitality. (+4 MHP)


Message History

Maggie is heavily wounded.
Maggie says, "Did Master Lance send you?"
Maggie hits you with a +1 scimitar of flaming!
Maggie burns you.
You barely miss Maggie.
Maggie is heavily wounded.
Maggie completely misses you.
You hit Maggie.
Maggie's magic leaks into the air.
Maggie is heavily wounded.
Maggie falters for a moment.
You puncture Maggie!
Maggie's magic leaks into the air.
Maggie is severely wounded.
Maggie hits you with a +1 scimitar of flaming!
* * * LOW HITPOINT WARNING * * *
You hit Maggie.
Maggie's magic leaks into the air.
Maggie is severely wounded.
Maggie casts a spell at you. The bolt of fire hits you! You resist.
* * * LOW HITPOINT WARNING * * *
You feel much better.
Maggie hits you with a +1 scimitar of flaming!
* * * LOW HITPOINT WARNING * * *
Maggie burns you.
* * * LOW HITPOINT WARNING * * *
You puncture Maggie!
Maggie's magic leaks into the air.
Maggie is almost dead.
Maggie hits you with a +1 scimitar of flaming.
* * * LOW HITPOINT WARNING * * *
You feel much better.
Maggie hits you with a +1 scimitar of flaming!!
* * * LOW HITPOINT WARNING * * *
Maggie burns you.
* * * LOW HITPOINT WARNING * * *
You barely miss Maggie.
Maggie is almost dead.
Maggie falters for a moment.
Maggie barely misses you.
You hit Maggie.
Maggie's magic leaks into the air.
Maggie is almost dead.
Maggie hits you with a +1 scimitar of flaming!
You die...

##..## #.†## ##.##
### *** ##..# #..
*,** ##..## #..
*,,** ##..## #..
*,,,* #..## ##.
**,.######..#### #.
***......@@...?#* ##
**,,.####........#**
## *,,***
#..........#* ##.
**** #...........**
*#..
#.....?.....,***#..#
#...........,,**,,,*
#...........,,*,,<**
#...........,,,,,**
*,,,,,,,,,,,,,,,** #


You could see Maggie (magic disrupted).

Vanquished Creatures
  A water moccasin (D:5)
  An ice beast (D:6)
  A black bear (D:6)
  A phantom (D:6)
  2 scorpions (D:4)
  2 howler monkeys (D:5)
  An orc priest (D:5)
  2 hounds (D:5)
  2 jellies (D:5)
  An iguana (D:6)
  2 orc wizards
  9 adders
  An ufetubus (D:3)
  2 worms
  2 dart slugs
  13 orcs
  4 ball pythons
  8 endoplasms
  A giant cockroach (D:4)
  4 goblins
  4 hobgoblins
  5 kobolds
  4 quokkas
  7 bats
  3 frilled lizards
  5 rats
88 creatures vanquished.

Vanquished Creatures (collateral kills)
  A dart slug (D:2)
  A giant cockroach (D:2)
  2 hobgoblins (D:2)
  A quokka (D:2)
  A frilled lizard (D:2)
6 creatures vanquished.

Grand Total: 94 creatures vanquished

Notes
Turn   | Place    | Note
-------+----------+-------------------------------------------
     0 | D:1      | bmack86 the Djinni Hedge Wizard began the quest for the
                  | Orb.
     0 | D:1      | bmack86 set off with the following spells memorised: Magic
                  | Dart, Blink, Call Imp, Slow, Conjure Flame, Mephitic Cloud.
     0 | D:1      | Reached XP level 1. HP: 15/15 MP: 0/0
   584 | D:1      | Found a faded altar of an unknown god.
   588 | D:1      | Reached XP level 2. HP: 21/22 MP: 0/0
   591 | D:1      | Reached skill level 1 in Fighting
  1240 | D:2      | Reached XP level 3. HP: 21/28 MP: 0/0
  1240 | D:2      | Learned a level 1 spell: Shock
  1393 | D:2      | Reached skill level 2 in Fighting
  1823 | D:2      | Reached XP level 4. HP: 18/33 MP: 0/0
  2797 | D:3      | Found an opulent altar of Gozag.
  2845 | D:3      | Identified the +6 spear of Fee Simple {antimagic, rC+ rN+
                  | Int-3 SInv}
  2917 | D:3      | Reached XP level 5. HP: 22/40 MP: 0/0
  2917 | D:3      | Learned a level 2 spell: Searing Ray
  2940 | D:3      | Reached skill level 3 in Fighting
  3629 | D:3      | Found an ornate altar of the Wu Jian Council.
  4010 | D:4      | Reached XP level 6. HP: 21/47 MP: 0/0
  4746 | D:4      | Found a blossoming altar of Fedhas.
  4801 | D:4      | Found a snail-covered altar of Cheibriados.
  4801 | D:4      | Noticed a torpor snail
  4802 | D:4      | Noticed a torpor snail
  4805 | D:4      | Noticed a torpor snail
  4836 | D:4      | Reached skill level 4 in Fighting
  5064 | D:5      | Entered Level 5 of the Dungeon
  5243 | D:5      | Reached XP level 7. HP: 51/53 MP: 0/0
  5243 | D:5      | Learned a level 2 spell: Wereblood
  5491 | D:5      | Found a hide-covered altar of Uskayaw.
  5604 | D:5      | Noticed a water moccasin
  5616 | D:5      | Killed a water moccasin
  5617 | D:5      | Reached skill level 5 in Fighting
  6155 | D:6      | Reached skill level 5 in Spellcasting
  6278 | D:6      | Reached XP level 8. HP: 61/61 MP: 0/0
  6341 | D:6      | Reached skill level 6 in Fighting
  6407 | D:6      | Found an iron altar of Okawaru.
  6775 | D:6      | Noticed Maggie
  6793 | D:6      | Slain by Maggie

Illustrated notes

Levels and vault maps discovered:
D:1:      minmay_arrival_open_corners, layout_basic, serial_rivers,
          chequers_serial_rivers_micro_d, chequers_serial_rivers_micro_c,
          chequers_serial_rivers_room_b, chequers_serial_rivers_room_b,
          dreamdust_ecumenical_altar_statues, grunt_decor_one_mirror
D:2:      layout_basic, kennysheep_boxes
D:3:      layout_loops_ring, mainiacjoe_overflow_small_starburst,
          pdpol_wu_jian_five_deadly_venoms, dk_vineyard_3
D:4:      layout_basic, fedhas_altar_3, cheibriados_altar_2
D:5:      layout_loops_corners, overflow_temple_1_default, minivault_23,
          roderic_serpentine_path
D:6:      layout_cave_pods, mainiacjoe_overflow_cross_hatched, minivault_10,
          minmay_holes, uniq_maggie

Skill      XL: |  1  2  3  4  5  6  7  8 |
---------------+-------------------------+-----
Fighting       | 1 2 3 4 5 6 |  6.3
Spellcasting   | 3 4 5 |  5.5
Dodging        | |  2.1
Stealth        | |  1.5

Action                   |  1- 3 |  4- 6 |  7- 9 || total
-------------------------+-------+-------+-------++-------
Melee: Dagger            |    59 |       |       ||    59
       Staff             |       |    43 |       ||    43
       Spear             |       |    73 |    60 ||   133
       Punch             |       |       |     1 ||     1
 Cast: Magic Dart        |    23 |    81 |     6 ||   110
       Shock             |    24 |     6 |     6 ||    36
       Call Imp          |     2 |     4 |       ||     6
       Searing Ray       |       |     4 |     9 ||    13
       Conjure Flame     |       |       |     1 ||     1
       Slow              |       |       |     1 ||     1
       Wereblood         |       |       |     1 ||     1
  Use: Scroll            |       |     6 |     7 ||    13
       Potion            |       |       |     2 ||     2
 Stab: Sleeping          |     2 |     1 |     1 ||     4
Armor: Robe              |    11 |    21 |    13 ||    45
Dodge: Dodged            |    46 |    86 |    59 ||   191
